 Dungeon Crawl Stone Soup version 0.24-b1 (webtiles) character file.

Game seed: 15805381544867780655, levelgen mode: deterministic

26740 Multipenetrator the Agent of Entropy (level 13, -13/122 HPs)
             Began as a Demonspawn Abyssal Knight on Oct 12, 2019.
             Was a Priest of Lugonu.
             Mangled by a +4 trident of protection (16 damage)
             ... on level 1 of the Elven Halls.
             The game lasted 04:00:57 (19656 turns).

Multipenetrator the Agent of Entropy (DsAK)        Turns: 19656, Time: 04:00:59

Health: -13/122    AC: 26    Str: 18    XL:     13   Next: 0%
Magic:  0/25       EV: 11    Int: 17    God:    Lugonu [***...]
Gold:   1142       SH:  0    Dex: 14    Spells: 12/12 levels left

rFire    + . .     SeeInvis .   m - +4 halberd (distort)
rCold    + . .     Gourm    .   (shield currently unavailable)
rNeg     + . .     Faith    .   a - +4 ring mail "Buexkoa" {rPois rN+ Int+2}
rPois    +         Spirit   +   (no helmet)
rElec    +         Reflect  .   j - +1 cloak {MR+}
rCorr    +         Harm     .   f - +2 pair of gloves
MR       ++...     Clarity  +   z - +1 pair of boots
Stlth    +.........             n - amulet of guardian spirit
HPRegen  0.30/turn              F - +3 ring of strength
MPRegen  0.19/turn              B - ring of protection from magic

@: resistant, sanguine armour
A: talons 2, clarity, foul stench 1, powered by pain 2, robust 1, rot immunity,
sanguine armour 1
a: Depart the Abyss, Bend Space, Banish, Renounce Religion


You were on level 1 of the Elven Halls.
You worshipped Lugonu.
Lugonu was most pleased with you.
You were very hungry.

You visited 4 branches of the dungeon, and saw 17 of its levels.
You visited the Abyss 1 time.

You collected 1521 gold pieces.
You spent 379 gold pieces at shops.

Inventory:

Hand Weapons
 b - a +5 scimitar
 e - a +2 great mace
 k - a +4 dagger of draining
 m - a +4 halberd of distortion (weapon)
 A - a +2 flail of venom
 G - a +1 scimitar of flaming
 K - a +3 great sword
 M - a +5 spear of freezing
Armour
 a - the +4 ring mail "Buexkoa" (worn) {rPois rN+ Int+2}
   (You found it on level 10 of the Dungeon)

   It affects your intelligence (+2).
   It protects you from poison.
   It protects you from negative energy.
 f - a +2 pair of gloves (worn)
 j - a +1 cloak of magic resistance (worn)
 v - a +2 ring mail of cold resistance
 z - a +1 pair of boots (worn)
 L - +0 fire dragon scales
Jewellery
 n - an amulet of guardian spirit (around neck)
 w - an uncursed ring of protection from cold
 B - a ring of protection from magic (right hand)
 F - a +3 ring of strength (left hand)
 H - an uncursed ring of protection from fire
Scrolls
 d - 3 scrolls of enchant weapon
 h - 5 scrolls of remove curse
 l - a scroll of magic mapping
 q - 4 scrolls of immolation
 x - 2 scrolls of noise
 E - a scroll of teleportation
Potions
 i - 3 potions of flight
 o - 2 potions of brilliance
 s - a potion of resistance
 C - a potion of cancellation
 D - a potion of might
 I - a potion of agility {unknown}
Miscellaneous
 r - a lightning rod (3/4)
Comestibles
 c - 10 rations


   Skills:
 + Level 13.1 Fighting
 - Level 1.7 Long Blades
 + Level 11.0 Armour
 - Level 1.5 Dodging
 * Level 16.1 Invocations
 + Level 3.0 Evocations


You had 12 spell levels left.
You didn't know any spells.
Your spell library contained the following spells:

 Spells                   Type           Power        Failure   Level  Hunger
 Corona                   Hex            #......      36%         1    ##.....
 Magic Dart               Conj           #...         36%         1    ##.....
 Ensorcelled Hibernation  Hex/Ice        #.....       50%         2    ###....
 Searing Ray              Conj           #.....       50%         2    ###....
 Slow                     Hex            #.......     50%         2    ###....
 Confuse                  Hex            #.......     73%         3    ####...
 Dazzling Spray           Conj/Hex       #.....       73%         3    ####...
 Spectral Weapon          Hex/Chrm       #.......     73%         3    ####...
 Tukima's Dance           Hex            #.......     73%         3    ####...
 Force Lance              Conj/Tloc      #.......     98%         4    #####..
 Fulminant Prism          Conj/Hex       #.........   98%         4    #####..
 Iskenderun's Mystic Bla  Conj           #.......     98%         4    #####..
 Sticky Flame             Conj/Fire      #.......     98%         4    #####..
 Ignition                 Fire           #.........   100%        8    #######


Dungeon Overview and Level Annotations

Branches:
Dungeon (13/15)            Temple (0/1) D:4            Lair (1/6) D:8
    Orc (2/2) D:11            Elf (1/3) Orc:2
 Vaults: D:13-14

Altars:
Ashenzari
Cheibriados
Elyvilon
Kikubaaqudgha
Okawaru
Ru
Trog
Uskayaw
Vehumet
Xom
Yredelemnul
Zin

Shops:
D:11 [   Orc:2 %:}}[

Annotations:
D:8 corrupted
Abyss:1 Frances, Sonja


Innate Abilities, Weirdness & Mutations

You have razor-sharp toenails.
You may emit foul miasma when damaged in melee.
You sometimes gain power by taking damage.
You are immune to rotting.
When seriously injured, your bleeding wounds create armour. (AC +6)
You possess an exceptional clarity of mind.
You are robust. (+10% HP)


Message History

* * * LOW MAGIC WARNING * * *;
* * * LOW HITPOINT WARNING * * *
The +1 hand axe of electrocution hits you but does no damage.
The deep elf knight barely misses you.
The +4 trident of protection hits you but does no damage.
Okay, then.
Space bends sharply around you!
The +1 hand axe of electrocution blinks!
The deep elf knight blinks!
You blink.
* * * LOW MAGIC WARNING * * *
The deep elf knight wields a +0 longbow.
The deep elf knight shoots an arrow.
The arrow misses you.
The +4 trident of protection misses you.
The +4 trident of protection hits you but does no damage.
The +4 trident of protection hits you from afar.
* * * LOW HITPOINT WARNING * * *
The deep elf knight mumbles some strange words.
The deep elf knight flickers and vanishes!
Deactivating autopickup; reactivate with Ctrl-A.
The +4 trident of protection hits you from afar!
You die...

#######
##.(.6.##
#..((○..#
#....(....#
#........$..#
#.{...........#
#.............#
#(.......?....+
#.............#
#.............#


You could see 2 dancing weapons.

Vanquished Creatures
  A stone giant (Orc:1)
  Josephine (D:12)
  Erolcha (D:10)
  A tengu warrior (D:11)
  A two-headed ogre (D:10)
  An unseen horror (D:11)
  4 orc knights (Orc:2)
  A cyclops (D:10)
  2 ugly things (D:11)
  3 orc sorcerers (Orc:2)
  2 kobold demonologists
  An efreet (D:11)
  4 trolls
  2 blink frogs (D:8)
  5 hippogriffs
  4 wraiths
  A water elemental (D:11)
  3 wyverns
  4 fire bats (Orc:1)
  A hungry ghost (D:12)
  2 wargs
  A soldier ant (D:11)
  A water moccasin (D:11)
  A black bear (D:7)
  13 orc warriors
  3 sky beasts
  3 ice beasts
  A phantom (D:6)
  12 ogres
  7 centaurs
  A crocodile (D:11)
  2 big kobolds
  4 gnoll sergeants (D:11)
  4 bullfrogs
  A wyvern skeleton (D:8)
  4 scorpions
  4 killer bees (D:8)
  6 howler monkeys
  16 wights
  6 crimson imps
  3 centaur zombies
  5 hounds
  3 jellies
  19 orc wizards
  11 orc priests
  3 iguanas
  2 bullfrog skeletons
  6 worker ants
  A hound skeleton (D:10)
  2 worker ant zombies
  A howler monkey skeleton (D:6)
  11 gnolls
  14 adders
  4 shadow imps
  An ooze (D:1)
  2 adder skeletons (D:4)
  3 worms
  A dart slug (D:1)
  7 leopard geckos
  55 orcs
  3 giant cockroaches
  12 goblins
  4 hobgoblins
  11 jackals
  5 quokkas
  2 ball pythons
  7 bats
  6 frilled lizards
  19 kobolds
  A leopard gecko zombie (D:7)
  2 quokka skeletons
  A quokka zombie (D:5)
  9 rats
  4 rat zombies (D:8)
375 creatures vanquished.

Vanquished Creatures (others)
  A stone giant (Orc:1)
  A centaur warrior (D:11)
  A two-headed ogre (D:11)
  3 orc high priests (Orc:2)
  A skeletal warrior (D:11)
  An orc knight (Orc:2)
  An orc sorcerer (Orc:2)
  A meliai (D:11)
  A hippogriff (D:8)
  4 orc warriors
  2 centaurs (D:6)
  An orc priest (D:8)
  2 orcs (D:8)
  3 starspawn tentacles (D:8)
23 creatures vanquished.

Grand Total: 398 creatures vanquished

Notes
Turn   | Place    | Note
-------+----------+-------------------------------------------
     0 | Abyss:1  | Multipenetrator the Demonspawn Abyssal Knight began the
                  | quest for the Orb.
     0 | Abyss:1  | Reached XP level 1. HP: 18/18 MP: 2/2
    10 | D:1      | Escaped the Abyss
   396 | D:1      | Gained mutation: You sometimes gain a little power by
                  | taking damage. [demonic ancestry]
   396 | D:1      | Reached XP level 2. HP: 23/24 MP: 3/3
   401 | D:1      | Reached skill level 1 in Dodging
   426 | D:1      | Found a shimmering altar of Xom.
   526 | D:1      | You fall into a shaft and drop 1 floor!
   564 | D:1      | HP: 1/24 [jackal (3)]
  1316 | D:1      | Reached XP level 3. HP: 22/30 MP: 5/5
  1488 | D:1      | Reached ** piety under Lugonu
  1595 | D:2      | Reached skill level 3 in Invocations
  1650 | D:2      | Gained mutation: When seriously injured, your bleeding
                  | wounds create armour. (AC +6) [demonic ancestry]
  1650 | D:2      | Reached XP level 4. HP: 19/38 MP: 6/6
  2181 | D:2      | Found an iron altar of Okawaru.
  2183 | D:2      | Found a basalt altar of Yredelemnul.
  2183 | D:2      | Found a shattered altar of Ashenzari.
  2411 | D:3      | Reached skill level 5 in Fighting
  2411 | D:3      | Reached XP level 5. HP: 42/44 MP: 7/7
  2437 | D:3      | Found a sacrificial altar of Ru.
  2794 | D:3      | Found a radiant altar of Vehumet.
  3068 | D:3      | Found a shimmering altar of Xom.
  3247 | D:4      | Found a staircase to the Ecumenical Temple.
  3383 | D:4      | Reached *** piety under Lugonu
  3383 | D:4      | Reached XP level 6. HP: 25/52 MP: 4/8
  3649 | D:4      | Found a glowing silver altar of Zin.
  3919 | D:5      | Entered Level 5 of the Dungeon
  4117 | D:5      | Reached skill level 4 in Invocations
  4337 | D:5      | Noticed an ice beast
  4340 | D:5      | Gained mutation: You are immune to rotting. [demonic
                  | ancestry]
  4340 | D:5      | Reached XP level 7. HP: 55/59 MP: 10/10
  4656 | D:5      | Found a white marble altar of Elyvilon.
  4663 | D:5      | Reached skill level 5 in Invocations
  4855 | D:6      | Got a dazzling spear
  4856 | D:6      | Identified the cursed +3 spear of Past Mistakes {antimagic,
                  | Int+4} (You found it on level 6 of the Dungeon)
  5036 | D:6      | Reached skill level 5 in Armour
  5056 | D:6      | Gained mutation: Your magical capacity is low. (-10% MP)
                  | [potion of mutation]
  5056 | D:6      | Gained mutation: Your flesh is heat resistant. (rF+)
                  | [potion of mutation]
  5056 | D:6      | Gained mutation: You possess an exceptional clarity of
                  | mind. [potion of mutation]
  5102 | D:6      | Found a bloodstained altar of Trog.
  5154 | D:6      | Gained mutation: You sometimes gain power by taking damage.
                  | [demonic ancestry]
  5154 | D:6      | Reached XP level 8. HP: 67/67 MP: 10/10
  6085 | D:7      | Noticed a hippogriff
  6095 | D:7      | Killed a hippogriff
  6095 | D:7      | Reached skill level 6 in Invocations
  6267 | D:7      | Reached skill level 7 in Invocations
  6306 | D:7      | Reached XP level 9. HP: 58/74 MP: 11/12
  6587 | D:8      | Found a staircase to the Lair.
  6896 | D:8      | Reached **** piety under Lugonu
  6995 | D:8      | Reached skill level 8 in Invocations
  7320 | D:8      | Corrupted D:8
  7320 | D:8      | Noticed a worldbinder
  7320 | D:8      | Noticed a thrashing horror
  7320 | D:8      | Noticed a cacodemon
  7320 | D:8      | Noticed a large abomination
  7320 | D:8      | Noticed a starcursed mass
  7320 | D:8      | Noticed a starcursed mass
  7320 | D:8      | Noticed a tentacled monstrosity
  7320 | D:8      | Noticed a thrashing horror
  7320 | D:8      | Noticed an orange demon
  7321 | D:8      | Noticed a green death
  7321 | D:8      | Noticed a tentacled starspawn
  7321 | D:8      | Noticed a large abomination
  7321 | D:8      | Noticed a tentacled starspawn
  7321 | D:8      | Noticed a large abomination
  7324 | D:8      | Noticed a starcursed mass
  7324 | D:8      | Noticed a vampire mage
  7324 | D:8      | Noticed a thrashing horror
  7326 | D:8      | Noticed a silent spectre
  7329 | D:8      | Noticed a large abomination
  7724 | D:8      | Found an ancient bone altar of Kikubaaqudgha.
  8137 | Lair:1   | Entered Level 1 of the Lair of Beasts
  8165 | D:8      | Reached skill level 9 in Invocations
  8626 | D:9      | Noticed a troll
  8948 | D:9      | Gained mutation: You have sharp toenails. [demonic
                  | ancestry]
  8948 | D:9      | Reached XP level 10. HP: 77/83 MP: 15/15
  9063 | D:9      | Reached skill level 1 in Evocations
  9105 | D:9      | Found a hide-covered altar of Uskayaw.
  9365 | D:9      | Identified the Reference Book on Entrancing Fire
  9541 | D:9      | Found a snail-covered altar of Cheibriados.
  9582 | D:10     | Entered Level 10 of the Dungeon
  9582 | D:10     | Noticed Sonja
  9675 | D:10     | Reached skill level 10 in Invocations
  9843 | D:10     | Noticed a two-headed ogre
  9850 | D:10     | Killed a two-headed ogre
  9850 | D:10     | Reached skill level 10 in Fighting
 10075 | D:10     | Noticed a cyclops
 10103 | D:10     | Killed a cyclops
 10167 | D:10     | Banished Sonja
 10167 | D:10     | Reached skill level 11 in Invocations
 10476 | D:10     | Noticed a two-headed ogre
 11072 | D:10     | Noticed Erolcha
 11080 | D:10     | Banished a two-headed ogre
 11114 | D:10     | Killed Erolcha
 11114 | D:10     | Gained mutation: You may emit foul miasma when damaged in
                  | melee. [demonic ancestry]
 11114 | D:10     | Reached XP level 11. HP: 55/92 MP: 15/17
 11505 | D:11     | Noticed a purple ugly thing
 11525 | D:11     | Killed a purple ugly thing
 11525 | D:11     | Reached skill level 12 in Invocations
 11851 | D:11     | Noticed a cyan ugly thing
 11865 | D:11     | Killed a cyan ugly thing
 12119 | D:11     | Killed an unseen horror
 12354 | D:11     | Noticed a centaur warrior
 12357 | D:11     | Banished a centaur warrior
 12364 | D:11     | Noticed a skeletal warrior
 12595 | D:11     | Noticed a two-headed ogre
 12602 | D:11     | Reached skill level 13 in Invocations
 12607 | D:11     | Banished a two-headed ogre
 12814 | D:11     | Noticed a tengu warrior
 12825 | D:11     | Killed a tengu warrior
 13103 | D:12     | Lost mutation: You possess an exceptional clarity of mind.
                  | [potion of mutation]
 13103 | D:12     | Lost mutation: Your flesh is heat resistant. (rF+) [potion
                  | of mutation]
 13103 | D:12     | Gained mutation: Your spells are a little harder to cast,
                  | but a little more powerful. [potion of mutation]
 13103 | D:12     | Gained mutation: You possess an exceptional clarity of
                  | mind. [potion of mutation]
 13109 | D:12     | Lost mutation: You possess an exceptional clarity of mind.
                  | [potion of mutation]
 13109 | D:12     | Lost mutation: Your magical capacity is low. (-10% MP)
                  | [potion of mutation]
 13109 | D:12     | Lost mutation: Your spells are a little harder to cast, but
                  | a little more powerful. [potion of mutation]
 13109 | D:12     | Gained mutation: You possess an exceptional clarity of
                  | mind. [potion of mutation]
 13109 | D:12     | Gained mutation: You are robust. (+10% HP) [potion of
                  | mutation]
 13169 | D:12     | Noticed Josephine
 13200 | D:12     | Killed Josephine
 13200 | D:12     | Reached skill level 10 in Armour
 13248 | D:12     | Noticed Frances
 13333 | D:10     | Got an encrusted ring mail
 13344 | D:10     | Identified the +4 ring mail "Buexkoa" {rPois rN+ Int+2}
                  | (You found it on level 10 of the Dungeon)
 13595 | D:12     | Banished Frances
 13595 | D:12     | Reached skill level 14 in Invocations
 13595 | D:12     | Reached XP level 12. HP: 96/112 MP: 22/22
 14078 | D:11     | Found Raodurr's Antique Armour Boutique.
 14081 | D:11     | Bought a pair of runed gloves for 165 gold pieces
 14192 | D:11     | Found a staircase to the Orcish Mines.
 15243 | Orc:1    | Entered Level 1 of the Orcish Mines
 15346 | Orc:1    | Noticed a stone giant
 15349 | Orc:1    | Banished a stone giant
 15487 | Orc:1    | Noticed a stone giant
 16066 | Orc:1    | Killed a stone giant
 16066 | Orc:1    | Reached skill level 15 in Invocations
 16511 | Orc:2    | Entered Level 2 of the Orcish Mines
 17149 | Orc:2    | Found Kaliusaura's Food Emporium.
 17154 | Orc:2    | Found a staircase to the Elven Halls.
 17527 | Orc:2    | Noticed an orc high priest
 17924 | Orc:2    | HP: 2/113 [orc knight/+0 long sword (25)]
 18949 | Orc:2    | Banished an orc high priest
 18973 | Orc:2    | Reached skill level 16 in Invocations
 19076 | Orc:2    | Noticed an orc high priest
 19081 | Orc:2    | Banished an orc high priest
 19203 | Orc:2    | Noticed an orc high priest
 19207 | Orc:2    | Banished an orc high priest
 19219 | Orc:2    | Gained mutation: You have razor-sharp toenails. [demonic
                  | ancestry]
 19219 | Orc:2    | Reached XP level 13. HP: 61/122 MP: 18/25
 19278 | Orc:2    | Found Eshrechog's Book Boutique.
 19470 | Orc:2    | Found Ipreki's Gadget Shoppe.
 19478 | Orc:2    | Found Qecwig's Gadget Shoppe.
 19480 | Orc:2    | Found Uzxos's Armour Boutique.
 19601 | Orc:2    | Bought a +1 cloak of magic resistance for 214 gold pieces
 19642 | Elf:1    | Entered Level 1 of the Elven Halls
 19652 | Elf:1    | HP: 6/122 [+1 hand axe of electrocution (9)]
 19656 | Elf:1    | Mangled by a +4 trident of protection

Skill      XL: |  1  2  3  4  5  6  7  8  9 10 11 12 |
---------------+-------------------------------------+-----
Dodging        | 1 |  1.5
Fighting       | 4 5 6 7 8 9 10 12 13 | 13.1
Invocations    | 3 4 5 7 9 11 14 16 | 16.1
Armour         | 2 3 4 5 6 8 9 10 11 | 11.0
Evocations     | 2 3 |  3.0
Long Blades    | |  1.7

Action                   |  1- 3 |  4- 6 |  7- 9 | 10-12 | 13-15 || total
-------------------------+-------+-------+-------+-------+-------++-------
Melee: Falchion          |    89 |       |    17 |       |       ||   106
       Short sword       |    18 |    97 |       |       |       ||   115
       Great sword       |       |   111 |    30 |   104 |       ||   245
       Whip              |       |    14 |       |       |       ||    14
       Flail             |       |     1 |    82 |   394 |       ||   477
       Scimitar          |       |       |   168 |   157 |       ||   325
       Spear             |       |       |     5 |    70 |       ||    75
       Kick              |       |       |       |     6 |       ||     6
       Halberd           |       |       |       |    57 |    15 ||    72
       Dagger            |       |       |       |    46 |       ||    46
       Great mace        |       |       |       |    17 |       ||    17
Throw: Boomerang         |       |    10 |    46 |       |       ||    56
       Throwing net      |       |       |     2 |     1 |       ||     3
Invok: Bend Space        |     3 |     1 |     4 |    14 |     1 ||    23
       Banish            |       |       |     4 |    19 |       ||    23
       Corrupt           |       |       |     1 |       |       ||     1
Evoke: Wand              |       |     2 |    33 |     9 |       ||    44
       Lightning rod     |       |       |       |    10 |       ||    10
  Use: Potion            |     2 |       |     1 |    16 |     2 ||    21
       Scroll            |       |     8 |    13 |     6 |       ||    27
 Stab: Held in net/web   |       |       |       |     1 |       ||     1
  Eat: Chunk             |     2 |     7 |     9 |    24 |     1 ||    43
       Ration            |       |     1 |     2 |     6 |       ||     9
Armor: Leather armour    |     5 |       |       |       |       ||     5
       Ring mail         |    64 |   131 |   243 |   569 |    16 ||  1023
       Skin              |       |       |       |     1 |       ||     1
Dodge: Dodged            |   102 |   118 |   234 |   642 |    17 ||  1113
       Rpst.: Falchion   |    27 |       |     4 |       |       ||    31
       Great sword       |       |    25 |     9 |    24 |       ||    58
       Scimitar          |       |       |    32 |    33 |       ||    65
